 Dungeon Crawl Stone Soup version 0.30.1-3-gfc49f6343a (webtiles) character file.

Game seed: 17654105933239198081

15 H0rd4k the Charlatan (level 2, 0/21 HPs)
             Began as a Human Artificer on July 20, 2023.
             Slain by a gnoll
             ... wielding a +0 club
              (5 damage)
             ... on level 1 of the Dungeon.
             The game lasted 00:00:42 (525 turns).

H0rd4k the Charlatan (Human Artificer)               Turns: 525, Time: 00:00:43

Health: 0/21       AC:  3    Str: 12    XL:     2   Next: 65%
Magic:  2/2        EV: 11    Int: 11    God:
Gold:   40         SH:  0    Dex: 13    Spells: 1/1 levels left

rFire   . . .        i - +1 dagger (freeze)
rCold   . . .        (no shield)
rNeg    . . .        b - +0 leather armour
rPois   .            (no helmet)
rElec   .            (no cloak)
rCorr   .            (no gloves)
SInv    .            (no boots)
Will    .....        (no amulet)
Stlth   +            (no ring)
HPRegen 0.23/turn    (no ring)
MPRegen 0.08/turn

%: no passive effects
@: no status effects
A: no striking features
a: no special abilities


You were on level 1 of the Dungeon.
You visited 1 branch of the dungeon, and saw 1 of its levels.

You collected 40 gold pieces.

Inventory:

Hand Weapons
 i - a +1 dagger of freezing (weapon)
Armour
 b - a +0 leather armour (worn)
Wands
 c - a wand of flame (9) (quivered)
 d - a wand of charming (15)
 e - a wand of iceblast (5)
Scrolls
 g - 4 scrolls of teleportation {unknown}
 j - a scroll of fog {unknown}
Potions
 a - a potion of curing {unknown}
 f - a potion of magic {unknown}
 h - a potion of attraction {unknown}
 k - a potion of ambrosia {unknown}
 l - a potion of mutation {unknown}


   Skills:
 + Level 1.1 Fighting
 - Level 2.0 Armour
 + Level 1.0 Dodging
 + Level 1.3 Stealth
 + Level 3.6 Evocations


You had one spell level left.
You didn't know any spells.
Your spell library was empty.

Dungeon Overview and Level Annotations

Branches:
Dungeon (1/15)

Altars:


Message History

The quokka closely misses you.
You hit the quokka. You freeze the quokka.
You kill the quokka!
You hit the gnoll. You freeze the gnoll.
The gnoll is moderately wounded.
The gnoll hits you with a +0 club!
You are too injured to fight recklessly!
You are too injured to fight recklessly!
You are too injured to fight recklessly!
You are too injured to fight recklessly!
You are too injured to fight recklessly!
You are too injured to fight recklessly!
You are too injured to fight recklessly!
You hit the gnoll but do no damage.
The gnoll is moderately wounded.
The gnoll hits you with a +0 club.
* * * LOW HITPOINT WARNING * * *
Aiming: Throw Flame
Press: ? - help, Shift-Dir - straight line, f - gnoll
Aim: a gnoll, wielding a +0 club (moderately wounded, 75% to hit)
The puff of flame hits the gnoll.
The gnoll is severely wounded.
The gnoll barely misses you.
Unknown command.
Aiming: Throw Flame
Press: ? - help, Shift-Dir - straight line, f/p - gnoll
Aim: a gnoll, wielding a +0 club (severely wounded, 75% to hit)
The puff of flame misses the gnoll.
The gnoll completely misses you.
Unknown command.
Aiming: Throw Flame
Press: ? - help, Shift-Dir - straight line, f/p - gnoll
Aim: a gnoll, wielding a +0 club (severely wounded, 75% to hit)
The puff of flame misses the gnoll.
The gnoll hits you with a +0 club.
* * * LOW HITPOINT WARNING * * *
Unknown command.
Aiming: Throw Flame
Press: ? - help, Shift-Dir - straight line, f/p - gnoll
Aim: a gnoll, wielding a +0 club (severely wounded, 75% to hit)
The puff of flame misses the gnoll.
The gnoll hits you with a +0 club.
You die...

### ## #. ..# #.
##...#####.# #.
......g@.#.# #.
..!.####.#.## ## .
#.......# #
#.#####.############
# #............. .
#.......###### ...
#.#####.#
.....#####....##.# #
#..†....##.##.######


You could see a gnoll.

Vanquished Creatures
  A ball python (D:1)
  A giant cockroach (D:1)
  A hobgoblin (D:1)
  2 quokkas (D:1)
  2 bats (D:1)
  2 frilled lizards (D:1)
  2 goblins (D:1)
  A kobold (D:1)
  4 rats (D:1)
16 creatures vanquished.

Notes
Turn   | Place    | Note
-------+----------+-------------------------------------------
     0 | D:1      | H0rd4k the Human Artificer began the quest for the Orb.
     0 | D:1      | Reached XP level 1. HP: 15/15 MP: 1/1
    33 | D:1      | Found a faded altar of an unknown god.
   179 | D:1      | Reached XP level 2. HP: 20/21 MP: 2/2
   525 | D:1      | Slain by a gnoll

Illustrated notes

Levels and vault maps discovered:
D:1:      wander_arrival_desolate, layout_loops_ring,
          hellmonk_ecumenical_altar_blasted, minmay_tiny_reverse_x

Action                     || total
---------------------------++-------
  Melee: Club              ||    34
         Dagger            ||    21
         Punch             ||     1
  Evoke: Wand              ||     6
   Stab: Sleeping          ||     4
 Armour: Leather armour    ||    17
  Dodge: Dodged            ||    34
